 Dungeon Crawl Stone Soup version 0.30.0-30-g96aa6591b8 (webtiles) character file.

Game seed: 1254603852108578905

12 ces the Shooter (level 2, 0/14 HPs)
             Began as a Spriggan Hunter on June 26, 2023.
             Killed by divine providence
             ... invoked by an orc priest
              (13 damage)
             ... on level 2 of the Dungeon.
             The game lasted 00:01:03 (262 turns).

ces the Shooter (Spriggan Hunter)                    Turns: 262, Time: 00:01:04

Health: 0/14       AC:  2    Str:  7    XL:     2   Next: 20%
Magic:  3/3        EV: 17    Int: 10    God:
Gold:   29         SH:  0    Dex: 18    Spells: 1/1 levels left

rFire   . . .        a - +0 shortbow
rCold   . . .        (shield currently unavailable)
rNeg    . . .        c - +0 robe
rPois   .            (helmet restricted)
rElec   .            (no cloak)
rCorr   .            (gloves unavailable)
SInv    +            (boots unavailable)
Will    .....        (no amulet)
Stlth   ++           (no ring)
HPRegen 0.22/turn    (no ring)
MPRegen 0.08/turn

%: no passive effects
@: very quick
A: very small, no large weapons, unfitting armour, see invisible, speed 3
a: no special abilities


You were on level 2 of the Dungeon.
You visited 1 branch of the dungeon, and saw 2 of its levels.

You collected 29 gold pieces.

Inventory:

Hand Weapons
 a - a +0 shortbow (weapon)
Armour
 c - a +0 robe (worn)
Jewellery
 d - an amulet of the acrobat
 e - a ring of protection from fire
Scrolls
 b - a scroll of immolation
Potions
 f - a potion of heal wounds
 g - a potion of curing {unknown}


   Skills:
 - Level 1.5 Fighting
 * Level 4.5 Ranged Weapons
 - Level 2.6 Dodging
 + Level 1.5 Stealth


You had one spell level left.
You didn't know any spells.
Your spell library was empty.

Dungeon Overview and Level Annotations

Branches:
Dungeon (2/15)

Altars:

Shops:
D:1 !(


Innate Abilities, Weirdness & Mutations

You are very small and have problems with some larger weapons.
You are too small for most types of armour.
You have supernaturally acute eyesight. (SInv)
You cover ground extremely quickly. (Speed+++)


Message History

You shoot an arrow. The arrow closely misses the quokka.
You shoot an arrow. The arrow hits the quokka!
You kill the quokka!
No target in view!
An orc comes into view. It is wielding a +0 dagger.
An orc is nearby!
An orc is nearby!
You shoot an arrow. The arrow hits the orc!
You kill the orc!
No target in view!
No target in view!
No target in view!
An orc priest comes into view. It is wielding a +0 club.
The orc priest shouts!
An orc priest is nearby!
An orc priest is nearby!
An orc priest is nearby!
You shoot an arrow. The arrow hits the orc priest!
The orc priest is heavily wounded.
You hear a shout!
An orc comes into view. It is wielding a +0 club.
You shoot an arrow. The arrow closely misses the orc.
The arrow closely misses the orc priest.
The orc wizard mumbles some strange words.
The orc wizard flickers and vanishes for a moment.
You shoot an arrow. The arrow completely misses the orc.
The arrow hits the orc priest.
The orc priest is severely wounded.
The orc priest looks braver for a moment.
You shoot an arrow. The arrow barely misses the orc.
The orc hits you with a +0 club.
You shoot an arrow.
The arrow hits the orc but does no damage.
The orc closely misses you. The orc hits you with a +0 club.
You shoot an arrow.
The arrow closely misses the orc priest.
The orc priest calls down the wrath of Beogh upon you.
Beogh smites you!
Ouch! That really hurt!
You die...

#...........#.#...[..#.#
#.....####..#.#........# .
#......#....#.##.......# ..
.......[.........>.....# #.
..#...##.##.#..........#
##..
#####.##....#####......#
.)... #......#.#.......#.##
#....###......#.#.#.......#
#..?...oo..@..#.#.#.#.#####
#.......o.#####.#(#.#.#
#....†....## #.#.#.#.#
#..........# #.....#.#
#.###....#.######.###.#
#...#.####....#.......#
#.....#####...#.#####
#..................#
#......#####.#.###.#


You could see an orc priest, an orc wizard (invisible) and an orc.

Vanquished Creatures
  A worm (D:2)
  An orc (D:2)
  An endoplasm (D:2)
  2 goblins (D:2)
  2 quokkas (D:2)
7 creatures vanquished.

Notes
Turn   | Place    | Note
-------+----------+-------------------------------------------
     0 | D:1      | ces the Spriggan Hunter began the quest for the Orb.
     0 | D:1      | Reached XP level 1. HP: 10/10 MP: 2/2
    22 | D:1      | Found a faded altar of an unknown god.
    29 | D:1      | Found Zegrur's Distillery.
    92 | D:1      | Found Kigul's Antique Weapon Emporium.
    93 | D:1      | You fall into a shaft and drop 1 floor!
   144 | D:2      | Reached XP level 2. HP: 14/14 MP: 3/3
   262 | D:2      | Killed from afar by an orc priest

Illustrated notes

Levels and vault maps discovered:
D:1:      minmay_arrival_jagged, layout_basic, basic_ecumenical_altar,
          serial_shops, shop, shop, nicolae_shop_trees,
          nicolae_shop_advertising_works [nicolae_subvault_shop_adworks],
          minmay_gold_behind_fungi, nicolae_shop_vocational
D:2:      layout_basic, basic_altar, serial_shops,
          nicolae_shop_just_a_little_nook, uniq_jessica

Action                     || total
---------------------------++-------
   Fire: Shortbow          ||    23
    Use: Scroll            ||     1
  Dodge: Dodged            ||     2
